Map: Deathaura LE

Players

DANKCRAFT - Winner!

  • Race: Protoss Protoss
  • Spawn Location: 11:00

MadCrab

  • Race: Terran Terran
  • League: Diamond
  • Spawn Location: 5:00

VOD

Have the link to the VOD?

Description

Time

  • Played on: July 2, 2020, 4:53 p.m.
  • Length: 20:46
Show
View Real Time Build Order
Export as new Build Order

DANKCRAFT Protoss - Winner!

Build Orders: 1 Gate Expand, Oracle Opening 

Get SALT Encoding   

  12  0:03  Probe  
  13  0:15  Probe  
  14  0:23  Pylon  
  14  0:24  Probe  
  15  0:37  Probe  
  16  0:46  Gateway  
  16  0:49  Probe  
  17  0:51  Assimilator  
  17  1:01  Probe  
  18  1:13  Probe  
  19  1:25  Probe  
  19  1:29  Nexus  
  20  1:38  Cybernetics Core  
  20  1:42  Zealot  
  20  1:43  Assimilator  
  20  1:44  Probe  
  23  2:04  Pylon  
  23  2:20  Stargate  
  23  2:22  Probe  
  24  2:24  Stalker  
  26  2:34  Probe  
  27  2:38  Warp Gate  
  27  2:42  Probe  
  27  2:43  Pylon  
  28  2:46  Probe  
  29  2:54  Probe  
  30  2:59  Probe  
  30  3:04  Probe  
  29  3:07  Probe  
  29  3:12  Probe  
  31  3:15  Probe  
  31  3:17  Assimilator  
  31  3:19  Assimilator  
  33  3:20  Probe  
  34  3:29  Fleet Beacon  
  34  3:43  Probe  
  35  3:50  Probe  
  35  3:53  Oracle  
  35  3:55  Probe  
  39  3:57  Pylon  
  39  3:58  Pylon  
  39  4:02  Probe  
  40  4:07  Probe  
  42  4:14  Probe, Stalker  
  45  4:19  Probe  
  45  4:22  Gateway  
  46  4:26  Probe  
  46  4:29  Shield Battery  
  47  4:34  Tempest  
  52  4:40  Probe  
  52  4:41  Probe  
  54  4:52  Probe  
  55  4:53  Probe  
  55  4:59  Pylon  
  56  5:04  Probe  
  56  5:05  Probe  
  58  5:19  Tempest  
  63  5:23  Robotics Facility  
  63  5:24  Stalker x2  
  67  5:34  Gateway  
  67  5:38  Gateway  
  67  5:39  Gateway  
  67  5:40  Pylon  
  67  5:43  Twilight Council  
  64  6:10  Forge  
  64  6:14  Pylon  
  64  6:17  Pylon  
  64  6:24  Tempest, Robotics Bay  
  69  6:30  Shield Battery  
  69  6:34  Stalker x3  
  69  6:35  Stalker  
  69  6:38  Observer  
  78  6:46  Mothership  
  78  7:01  Pylon, Colossus  
  86  7:04  Pylon  
  86  7:10  Pylon  
  86  7:13  Tempest  
  97  7:23  Templar Archives  
  95  7:30  Pylon  
  94  7:37  Stalker  
  94  7:38  Stalker x3  
  94  7:41  Photon Cannon  
  94  7:42  Photon Cannon  
  102  7:46  Pylon  
  102  7:49  Colossus  
  102  7:50  Pylon  
  102  7:56  Psionic Storm  
  108  8:15  Photon Cannon  
  108  8:34  High Templar x2  
  112  8:41  Photon Cannon  
  112  8:50  High Templar  
  114  9:04  Pylon  
  114  9:06  Pylon, High Templar  
  114  9:08  Tempest  
  116  9:19  Nexus  
  116  9:21  Pylon  
  121  9:35  Zealot  
  121  9:36  Zealot x2  
  127  9:39  High Templar  
  129  9:51  Tempest  
  134  9:58  Stalker x2  
  138  10:04  Photon Cannon  
  138  10:06  Photon Cannon  
  138  10:08  Photon Cannon  
  138  10:10  Shield Battery  
  135  10:35  Stalker x4  
  139  10:38  Tempest  
  148  10:56  Colossus  
  117  11:49  Stalker x2  
  117  11:50  Stalker x2  
  117  11:51  Tempest  
  123  12:15  Stalker x3  
  125  12:16  Stalker  
  131  12:34  Tempest  
  136  12:39  High Templar x2  
  140  12:45  Nexus  
  140  12:48  Pylon  
  140  12:52  Assimilator  
  140  12:55  Assimilator  
  87  14:00  High Templar x3  
  87  14:01  Tempest  
  90  14:19  High Templar  
  90  14:35  Colossus  
  96  14:39  Probe x2  
  96  14:40  Probe  
  96  14:44  Tempest  
  104  14:45  Shield Battery  
  104  14:47  Photon Cannon  
  104  14:48  Photon Cannon  
  104  14:50  Photon Cannon  
  104  14:51  Probe, Photon Cannon  
  104  14:52  Probe x2, Pylon  
  107  14:53  Stalker x4  
  107  14:56  Charge  
  115  15:03  Probe  
  115  15:04  Probe  
  115  15:06  Gateway  
  117  15:18  Stalker x3  
  117  15:19  Stalker  
  125  15:27  Tempest  
  130  15:39  Nexus  
  130  15:40  Pylon  
  128  15:53  Stalker x3  
  128  15:54  Stalker  
  136  16:16  Pylon, Photon Cannon  
  136  16:18  Photon Cannon  
  136  16:19  Assimilator, Photon Cannon  
  136  16:21  Assimilator, Pylon  
  101  16:41  Archon x2  
  101  16:43  Archon  
  76  16:59  Immortal  
  75  17:02  Zealot x3  
  75  17:03  Zealot  
  75  17:07  Probe  
  84  17:19  Probe  
  84  17:20  Zealot  
  87  17:29  Zealot  
  89  17:30  Zealot x3  
  89  17:31  Probe  
  96  17:38  Immortal  
  96  17:43  Tempest  
  79  18:15  Zealot x5  
  79  18:17  Immortal  
  91  18:21  Robotics Facility  
  91  18:38  Nexus  
  91  18:43  Pylon  
  91  18:44  Pylon  
  91  18:46  Pylon  
  91  18:47  Pylon, Zealot x2  
  91  18:48  Zealot x2  
  99  18:56  Immortal  
  100  19:14  Immortal  
  89  19:35  Zealot x5  
  89  19:36  Observer  
Show
View Real Time Build Order
Export as new Build Order

MadCrab Terran 

Build Orders:  

Get SALT Encoding   

  12  0:00  SCV  
  13  0:13  SCV  
  14  0:17  Supply Depot  
  14  0:25  SCV  
  15  0:38  Refinery  
  15  0:40  Barracks  
  15  0:44  SCV  
  16  0:56  SCV  
  17  1:08  SCV  
  18  1:20  SCV  
  19  1:27  Barracks Reactor  
  19  1:32  Orbital Command  
  19  1:46  Command Center  
  19  2:01  Factory  
  19  2:02  SCV  
  19  2:06  Marine  
  19  2:08  Marine  
  22  2:14  Bunker  
  22  2:22  Supply Depot  
  22  2:24  Marine  
  23  2:37  Refinery  
  23  2:43  SCV, Marine  
  25  2:47  Factory Tech Lab  
  25  2:53  Starport  
  25  2:55  SCV  
  26  3:01  Orbital Command  
  26  3:14  SCV  
  27  3:21  Siege Tank  
  27  3:24  Refinery  
  27  3:26  SCV  
  31  3:30  Starport Tech Lab  
  31  3:39  SCV  
  31  3:40  SCV  
  33  3:43  Marine  
  33  3:44  Marine  
  35  3:51  SCV  
  35  3:52  SCV  
  37  4:01  Marine  
  37  4:02  Raven  
  40  4:03  SCV  
  40  4:04  SCV  
  42  4:15  SCV  
  42  4:16  SCV  
  44  4:17  Engineering Bay  
  44  4:27  SCV  
  44  4:28  Supply Depot, SCV  
  44  4:29  Supply Depot  
  46  4:46  Missile Turret, Terran Infantry Weapons Level 1  
  46  4:49  Marine x2  
  46  4:50  SCV, Cyclone  
  52  4:59  Missile Turret  
  52  5:07  Marine  
  53  5:17  Banshee  
  53  5:19  SCV  
  53  5:20  SCV  
  58  5:30  Siege Tank, Barracks  
  58  5:31  Barracks  
  61  5:38  SCV  
  62  5:53  Marine  
  62  5:55  Marine  
  62  6:03  Cloaking Field  
  62  6:22  Supply Depot x2  
  62  6:23  Refinery  
  62  6:26  Refinery  
  62  6:27  Supply Depot  
  62  6:28  Armory, Command Center  
  62  6:29  Refinery  
  62  6:30  Engineering Bay  
  62  6:32  Supply Depot  
  62  6:43  Marine x2  
  62  6:44  Siege Tank, SCV x2  
  69  6:51  Barracks Tech Lab x2  
  69  6:56  SCV  
  69  6:57  Terran Infantry Armor Level 1, Ghost Academy  
  69  6:58  SCV  
  69  7:01  Medivac  
  73  7:08  SCV  
  74  7:11  Combat Shield, Stimpack  
  74  7:18  SCV  
  76  7:44  Siege Tank, Marine, SCV  
  76  7:45  Factory, Marine, Starport Reactor  
  76  7:46  Orbital Command  
  76  7:48  SCV  
  82  7:56  SCV  
  83  8:00  Marine, Marauder  
  83  8:02  Marine  
  83  8:03  Marine  
  88  8:06  Terran Infantry Weapons Level 2  
  88  8:10  SCV  
  89  8:16  Enhanced Shockwaves  
  89  8:18  Marauder  
  91  8:29  Marine, Marauder  
  91  8:31  Siege Tank  
  91  8:33  Siege Tank  
  100  8:35  SCV  
  100  8:39  Marauder  
  100  8:41  SCV  
  104  8:44  SCV  
  104  8:47  SCV  
  106  8:50  Marine  
  106  8:51  Factory, Marauder  
  109  8:56  Barracks  
  109  8:58  Barracks, Terran Infantry Armor Level 2  
  109  9:16  Supply Depot  
  109  9:17  Supply Depot x2  
  109  9:19  Supply Depot  
  109  9:38  SCV x3, Starport x2, Viking x2  
  119  9:50  SCV x2  
  121  9:53  Terran Ship Weapons Level 1  
  121  9:57  Factory Reactor  
  121  10:04  Thor  
  121  10:05  Thor  
  130  10:07  Drilling Claws  
  110  10:36  Starport Reactor  
  110  10:41  Widow Mine x2, Starport Reactor  
  114  10:44  Viking x2  
  114  10:47  Thor  
  114  10:48  Thor  
  130  10:56  SCV  
  130  10:57  Supply Depot x2  
  126  11:14  Command Center  
  126  11:15  Refinery x2  
  103  11:45  Viking x3  
  90  12:08  Starport Reactor  
  90  12:11  Factory Tech Lab  
  90  12:13  Thor  
  90  12:14  Hellion x2  
  100  12:16  Ghost  
  100  12:17  Ghost  
  104  12:28  Starport Reactor  
  104  12:30  Viking  
  104  12:31  Viking  
  104  12:33  Marine x2  
  104  12:36  SCV x2  
  112  12:41  Refinery  
  112  12:42  Personal Cloaking  
  112  12:43  SCV  
  113  12:45  Ghost x2  
  113  12:48  Refinery  
  113  12:49  SCV  
  118  12:52  SCV  
  118  12:58  SCV  
  120  13:01  SCV  
  120  13:04  SCV, Viking  
  124  13:29  SCV, Marauder  
  124  13:30  Viking  
  124  13:35  Ghost  
  124  13:36  Viking  
  96  13:51  Marauder  
  88  13:58  Marine  
  88  14:01  Viking x4  
  92  14:05  Marauder  
  92  14:10  Marine  
  92  14:12  Marauder  
  92  14:13  SCV  
  96  14:17  SCV  
  96  14:21  Marine, Viking  
  98  14:26  Marauder  
  98  14:28  Marine  
  98  14:29  Factory Reactor  
  101  14:34  Marauder  
  103  14:42  Marine  
  104  14:46  Marine  
  104  14:47  Ghost  
  107  14:54  Starport Tech Lab, Ghost  
  107  14:57  Starport Tech Lab  
  109  15:00  Starport Reactor  
  109  15:05  Siege Tank, SCV  
  113  15:09  Marine  
  114  15:16  Marine, Marauder  
  117  15:39  Marauder  
  117  15:46  Ghost  
  117  15:48  Planetary Fortress  
  117  15:49  Marine x2  
  117  16:02  Supply Depot  
  117  16:03  Supply Depot x2  
  117  16:06  Marine x2  
  117  16:07  SCV x2  
  117  16:09  Siege Tank  
  124  16:24  Ghost, Marauder  
  124  16:25  SCV  
  129  16:28  Supply Depot  
  129  16:37  SCV  
  96  16:45  Ghost  
  83  17:04  Marine x2, Ghost  
  87  17:10  SCV  
  87  17:13  Ghost  
  87  17:15  Orbital Command  
  90  17:22  Nuke  
  71  18:09  Orbital Command  
  55  18:20  Marine x2  
  55  18:21  Marauder x2  
  61  18:32  Widow Mine, Siege Tank  
  66  18:42  Marauder  
  67  19:27  Marine x2  
  67  19:28  Marauder x2  
  55  19:44  SCV  
  55  19:45  Marine  
  41  19:49  SCV, Marauder x2  
  46  20:00  SCV  
  46  20:04  Marine  
  48  20:08  Medivac  
  48  20:10  Ghost, Marauder  
Tags
 
Add a new tag
Caveats
  • Supply blocks, unpowered buildings, or Contaminate may cause inaccurate times.
  • Supply counts are checked every 10 seconds.